 Dungeon Crawl Stone Soup version 0.31-a0-246-g8cbcc1cb85 (webtiles) character file.

Game seed: 9965038818577831751

545 qw the Shooter (level 7, -1/60 HPs)
             Began as a Minotaur Hexslinger on July 12, 2023.
             Slain by Pikel
             ... wielding a +1 whip of electrocution
              (5 damage)
             ... on level 5 of the Dungeon.
             The game lasted 00:01:32 (4279 turns).

qw the Shooter (Minotaur Hexslinger)                Turns: 4279, Time: 00:01:33

Health: -1/60      AC:  9    Str: 12    XL:     7   Next: 6%
Magic:  7/7        EV: 11    Int: 10    God:
Gold:   63         SH:  0    Dex: 15    Spells: 7/8 levels left

rFire   . . .        Y - +5 sling
rCold   . . .        (no shield)
rNeg    . . .        c - +0 ring mail
rPois   +            (helmet restricted)
rElec   .            (no cloak)
rCorr   .            (no gloves)
SInv    .            (no boots)
Will    .....        g - amulet of faith
Stlth   +            f - +4 ring of protection
HPRegen 0.30/turn    l - ring of poison resistance
MPRegen 0.10/turn

%: faith
@: no status effects
A: horns 2, retaliatory headbutt
a: no special abilities


You were on level 5 of the Dungeon.
You visited 1 branch of the dungeon, and saw 5 of its levels.

You collected 268 gold pieces.
You spent 205 gold pieces at shops.


Innate Abilities, Weirdness & Mutations

You have a pair of horns on your head.
You reflexively headbutt those who attack you in melee.


   Skills:
 - Level 4.7 Fighting
 + Level 7.2 Ranged Weapons
 - Level 1.0 Armour
 - Level 2.1 Dodging
 - Level 1.0 Spellcasting
 - Level 2.0 Hexes


You had 7 spell levels left.
You knew the following spells:

 Your Spells              Type           Power      Damage    Failure   Level
a - Slow                  Hex            16%        N/A       34%         1

Your spell library contained the following spells:

 Spells                   Type           Power      Damage    Failure   Level
 Inner Flame              Hex/Fire       2%         N/A       83%         3
 Portal Projectile        Hex/Tloc       4%         N/A       83%         3
 Cause Fear               Hex            2%         N/A       98%         4

Inventory:

Hand Weapons
 Y - a +5 sling (weapon)
Armour
 c - a +0 ring mail (worn)
 e - a +0 cloak
 m - a +2 hat
Jewellery
 f - a +4 ring of protection (left hand)
 g - an amulet of faith (around neck)
 l - a ring of poison resistance (right hand)
 n - a ring of see invisible
 o - a ring of protection from fire
Scrolls
 a - 3 scrolls of identify
 b - a scroll of blinking {unknown}
 h - a scroll of butterflies {unknown}
Potions
 d - 2 potions of lignification {unknown}
 i - a potion of degeneration {unknown}
 j - a potion of curing {unknown}
 k - a potion of attraction {unknown}

Dungeon Overview and Level Annotations

Branches:
Dungeon (5/15)
 Temple: D:4-7

Altars:
Ashenzari
Cheibriados
Elyvilon
Trog
Xom

Shops:
D:1 ?   D:4 *   D:5 [

Annotations:
D:5 Pikel


Message History

You shoot a sling bullet. The sling bullet hits the lemure!
You kill the lemure!
That felt strangely unrewarding.
Pikel barely misses you. The lemure hits you.
You shoot a sling bullet. The sling bullet hits Pikel.
Pikel is moderately wounded.
Pikel closely misses you. The lemure barely misses you. x2
You shoot a sling bullet. The sling bullet hits Pikel.
Pikel is heavily wounded.
Pikel hits you with a +1 whip of electrocution!
The lemure hits you. x2
You shoot a sling bullet. The sling bullet hits Pikel.
Pikel is heavily wounded.
Pikel hits you but does no damage. The lemure hits you. x2
Pikel hits you but does no damage. The lemure hits you but does no damage.
The lemure barely misses you.
You shoot a sling bullet. The sling bullet misses Pikel.
Pikel barely misses you. The lemure completely misses you. The lemure hits you.
You shoot a sling bullet. The sling bullet hits Pikel.
Pikel is severely wounded.
Pikel barely misses you. The lemure hits you. The lemure barely misses you.
You furiously retaliate!
You headbutt the lemure. You shoot a sling bullet. The sling bullet hits Pikel.
Pikel is severely wounded.
Pikel hits you but does no damage. The lemure barely misses you.
The lemure hits you but does no damage.
You shoot a sling bullet. The sling bullet closely misses Pikel.
Pikel barely misses you. The lemure closely misses you.
You furiously retaliate!
You headbutt the lemure. The lemure closely misses you.
You furiously retaliate!
You headbutt the lemure. You shoot a sling bullet. The sling bullet hits Pikel.
Pikel is almost dead.
Pikel hits you but does no damage.
You are electrocuted!
The lemure hits you. The lemure closely misses you. You furiously retaliate!
You headbutt the lemure!
The shadow imp laughs crazily.
You shoot a sling bullet. The sling bullet hits Pikel.
Pikel is almost dead.
Pikel hits you but does no damage. The lemure barely misses you. x2
Pikel hits you with a +1 whip of electrocution.
You die...

#.................########..#
#.............##'###..#######
#....#'########..........#..#
#....#...................#..#
#....#.............\.....#..#
#...................#..#
.##..5............#..'
##.K5##...####..###.#
#..5@#########'####'#
#.........:..........
#######..............
#####..........###...####
#................#...#...
#.........7.7....'...'...
#........7).7....#####...
#........7...............
#....##..7.7..........#'#


You could see Pikel, 2 lemures and a shadow imp.

Vanquished Creatures
  Eustachio (D:5)
  A phantom (D:5)
  2 lemures (D:5)
  A jelly (D:5)
  2 iguanas (D:5)
  4 orc wizards
  4 gnolls (D:4)
  3 adders
  A worm (D:2)
  A dart slug (D:4)
  7 orcs
  2 bats (D:3)
  7 endoplasms
  4 giant cockroaches
  7 goblins
  4 hobgoblins
  10 kobolds
  3 quokkas
  2 ball pythons
  2 frilled lizards (D:3)
  4 rats
72 creatures vanquished.

Vanquished Creatures (others)
  A quokka (D:4)
1 creature vanquished.

Grand Total: 73 creatures vanquished

Notes
Turn   | Place    | Note
-------+----------+-------------------------------------------
     0 | D:1      | qw the Minotaur Hexslinger began the quest for the Orb.
     0 | D:1      | Reached XP level 1. HP: 16/16 MP: 1/1
     0 | D:1      | 0 ||| qw: Version: 0.3-a-52-g30416fa
     0 | D:1      | 0 ||| qw: Game counter: 6563
     0 | D:1      | 0 ||| qw: Melee chars always use a shield: true
     0 | D:1      | 0 ||| qw: God list: Okawaru
     0 | D:1      | 0 ||| qw: Allow faded altars: false
     0 | D:1      | 0 ||| qw: Do Orc after clearing Dungeon:15 true
     0 | D:1      | 0 ||| qw: Do second Lair branch before Depths: true
     0 | D:1      | 0 ||| qw: Lair rune preference: random
     0 | D:1      | 0 ||| qw: Goals: Normal
     0 | D:1      | 0 ||| PLANNING D:1-11
   162 | D:1      | Reached skill level 3 in Ranged Weapons
   229 | D:1      | Reached XP level 2. HP: 23/23 MP: 2/2
   302 | D:1      | Found Yjesoi's Magic Scroll Emporium.
   305 | D:1      | 305 ||| SHOPLISTING scroll of enchant weapon (82 gold, have
                  | 13).
   305 | D:1      | 305 ||| SHOPLISTING scroll of identify (22 gold, have 13).
   651 | D:1      | 651 ||| UPGRADING to +0 leather armour.
   661 | D:1      | 661 ||| DROPPING +0 robe.
   662 | D:1      | 662 ||| UPGRADING to amulet of faith.
   667 | D:1      | 667 ||| UPGRADING to +4 ring of protection.
   668 | D:1      | 668 ||| DROPPING scroll of poison.
  1026 | D:2      | Reached XP level 3. HP: 29/29 MP: 3/3
  1318 | D:2      | 1318 ||| UPGRADING to +0 ring mail.
  1328 | D:2      | 1328 ||| DROPPING +0 leather armour.
  1329 | D:2      | 1329 ||| UPGRADING to ring of poison resistance.
  1330 | D:2      | 1330 ||| READING 3 scrolls labelled CAQUIGR GUSELA.
  1331 | D:2      | 1331 ||| READING scroll labelled MUIHOO NAQED.
  1332 | D:2      | 1332 ||| READING 2 scrolls of identify.
  1332 | D:2      | 1332 ||| IDENTIFYING sedimented blue potion
  1333 | D:2      | 1333 ||| DROPPING potion of berserk rage.
  1442 | D:3      | Reached skill level 4 in Ranged Weapons
  1682 | D:3      | Reached skill level 1 in Armour
  2001 | D:3      | Found a bloodstained altar of Trog.
  2005 | D:3      | Reached XP level 4. HP: 36/36 MP: 4/4
  2079 | D:3      | 2079 ||| READING 3 scrolls labelled NEWIYP FOADWENN.
  2084 | D:3      | 2084 ||| READING scroll labelled BUDU JYZUEGY.
  2085 | D:3      | 2085 ||| READING 3 scrolls labelled EXYWYN VOEZXAN.
  2086 | D:3      | 2086 ||| READING 2 scrolls of enchant weapon.
  2086 | D:3      | 2086 ||| ENCHANTING +2 sling.
  2087 | D:3      | 2087 ||| READING scroll of enchant weapon.
  2087 | D:3      | 2087 ||| ENCHANTING +3 sling.
  2088 | D:3      | 2088 ||| READING scroll labelled ZONADDOZXE.
  2089 | D:3      | 2089 ||| READING scroll labelled PUSY VIXTIMPU.
  2090 | D:3      | 2090 ||| READING 2 scrolls of identify.
  2090 | D:3      | 2090 ||| IDENTIFYING ruby potion
  2145 | D:4      | Found a broken altar of Ashenzari.
  2334 | D:4      | 2334 ||| READING scroll of enchant weapon.
  2334 | D:4      | 2334 ||| ENCHANTING +4 sling.
  2405 | D:4      | Reached skill level 5 in Ranged Weapons
  2417 | D:4      | Reached skill level 3 in Fighting
  2417 | D:4      | Reached XP level 5. HP: 23/45 MP: 5/5
  2426 | D:4      | 2426 ||| FLEEEEING.
  2429 | D:4      | 2429 ||| FLEEEEING.
  2430 | D:4      | 2430 ||| STAIRDANCE
  2504 | D:3      | 2504 ||| READING scroll labelled ORRULA CABELOCS.
  2611 | D:4      | 2611 ||| STAIRDANCE
  2809 | D:4      | Found a white marble altar of Elyvilon.
  2833 | D:4      | Found Baoxkav's Serpentskin Sales.
  3232 | D:5      | Entered Level 5 of the Dungeon
  3344 | D:5      | Found Zereckiv's Armour Boutique.
  3353 | D:5      | 3353 ||| BUYING +0 cloak (45 gold).
  3353 | D:5      | Bought a +0 cloak for 45 gold pieces
  3353 | D:5      | 3353 ||| BUYING +2 hat (160 gold).
  3353 | D:5      | Bought a +2 hat for 160 gold pieces
  3394 | D:5      | Found a shimmering altar of Xom.
  3394 | D:5      | Found a snail-covered altar of Cheibriados.
  3461 | D:5      | Noticed Pikel
  3461 | D:5      | Noticed a lemure
  3462 | D:5      | Noticed a lemure
  3466 | D:5      | Noticed a lemure
  3468 | D:5      | Noticed a lemure
  3475 | D:5      | HP: 7/45 [Pikel/+1 whip of electrocution (15)]
  3476 | D:5      | 3476 ||| READING 2 scrolls of teleportation.
  3476 | D:5      | HP: 3/45 [lemure[Pikel] (1)]
  3477 | D:5      | 3477 ||| DRINKING 2 potions of heal wounds.
  3479 | D:5      | 3479 ||| DRINKING potion of heal wounds.
  3522 | D:5      | Reached skill level 6 in Ranged Weapons
  3548 | D:5      | Reached XP level 6. HP: 49/51 MP: 6/6
  3667 | D:5      | HP: 10/53 [iguana (10)]
  3668 | D:5      | 3668 ||| READING scroll of teleportation.
  3669 | D:5      | HP: 1/53 [iguana (10)]
  3999 | D:5      | Noticed Eustachio
  4023 | D:5      | Killed Eustachio
  4024 | D:5      | Reached skill level 7 in Ranged Weapons
  4024 | D:5      | Reached XP level 7. HP: 17/60 MP: 7/7
  4275 | D:5      | HP: 14/60 [lemure[Pikel] (6)]
  4278 | D:5      | HP: 5/60 [Pikel/+1 whip of electrocution (10)]
  4279 | D:5      | Slain by Pikel

Levels and vault maps discovered:
D:1:      eino_arrival_water_cross, layout_loops_ring, serial_forest,
          infiniplex_forest_fountain, infiniplex_forest_straight_1,
          infiniplex_forest_lined_room_2, infiniplex_forest_fountain,
          infiniplex_forest_end_1, infiniplex_forest_clump_medium,
          infiniplex_forest_lined_2, infiniplex_forest_lined_room_2,
          serial_shops, nicolae_shop_rolled_up, grunt_decor_junction
D:2:      layout_basic, st_stairs_5, minmay_misc_feat_pillars, nicolae_titane
D:3:      layout_basic, lemuel_round_altar
D:4:      layout_loops_corners, elyvilon_altar_4, nicolae_ashenzari_panopticon,
          guppyfry_shop_venom
D:5:      layout_gridville, chequers_temple_overflow_statue_of_worship,
          serial_shops, shop, chequers_garden, uniq_eustachio, uniq_pikel

Skill      XL: |  1  2  3  4  5  6 |
---------------+-------------------+-----
Ranged Weapons | 3 4 5 6 7 |  7.2
Fighting       | 2 3 4 |  4.7
Armour         | 1 |  1.0
Dodging        | |  2.1
Spellcasting   | |  1.0
Hexes          | |  2.0

Action                     |  1- 3 |  4- 6 |  7- 9 || total
---------------------------+-------+-------+-------++-------
   Fire: Sling             |   120 |   149 |    26 ||   295
    Use: Scroll            |     3 |    12 |       ||    15
         Potion            |       |     2 |       ||     2
 Armour: Robe              |     2 |       |       ||     2
         Ring mail         |    12 |    65 |    14 ||    91
  Dodge: Dodged            |    27 |    72 |    22 ||   121

Table legend:
 A = Non-vault XP
 B = Vault XP
 C = Vault XP percentage of total XP
 D = Non-vault monster count
 E = Vault monster count
 F = Vault count percentage of total count
                 A         B        C        D         E       F
            +---------+---------+-------+---------+---------+-------
      Total |     575 |     204 |  26.2 |      68 |       2 |   2.9
            +---------+---------+-------+---------+---------+-------
        D:1 |      33 |       0 |   0.0 |      18 |       0 |   0.0
        D:2 |      11 |       1 |   8.3 |       5 |       1 |  16.7
        D:3 |      58 |       0 |   0.0 |      21 |       0 |   0.0
        D:4 |     167 |       0 |   0.0 |      16 |       0 |   0.0
        D:5 |     306 |     203 |  39.9 |       8 |       1 |  11.1
            +---------+---------+-------+---------+---------+-------
